 Dungeon Crawl Stone Soup version 0.22-a0-750-ga7dcef7 (webtiles) character file.

408 Aviak the Skirmisher (level 6, -1/56 HPs)
             Began as a Hill Orc Fighter on July 15, 2018.
             Was an Initiate of Uskayaw.
             Slain by a shadow imp (3 damage)
             ... on level 5 of the Dungeon.
             The game lasted 00:06:32 (4104 turns).

Aviak the Skirmisher (Hill Orc Fighter)             Turns: 4104, Time: 00:06:33

Health: -1/56      AC:  8    Str: 20    XL:     6   Next: 88%
Magic:  2/6        EV:  7    Int: 14    God:    Uskayaw [......]
Gold:   195        SH:  9    Dex: 10    Spells: 5/5 levels left

rFire    . . .     SeeInvis .   a - +0 war axe
rCold    . . .     Gourm    .   c - +0 shield
rNeg     . . .     Faith    .   b - +0 scale mail
rPois    .         Spirit   .   (no helmet)
rElec    .         Reflect  .   k - +0 cloak
rCorr    .         Harm     .   (no gloves)
MR       .....                  (no boots)
Stlth    ..........             q - amulet of inaccuracy (curse)
HPRegen  0.18/turn              (no ring)
MPRegen  0.10/turn              (no ring)

@: brilliant, flying
A: no striking features
a: Renounce Religion


You were on level 5 of the Dungeon.
You worshipped Uskayaw.
Uskayaw was noncommittal.
You were not hungry.

You visited 2 branches of the dungeon, and saw 6 of its levels.

You collected 195 gold pieces.

Inventory:

Hand Weapons
 a - a +0 war axe (weapon)
Armour
 b - a +0 scale mail (worn)
 c - a +0 shield (worn)
 k - a +0 cloak (worn)
Jewellery
 q - a cursed amulet of inaccuracy (around neck)
Wands
 e - a wand of clouds (4)
 o - a wand of random effects (17)
Scrolls
 g - a scroll of enchant weapon {unknown}
 h - a scroll of blinking {unknown}
 j - 2 scrolls of teleportation
Potions
 d - 2 potions of might
 i - a potion of lignification
 p - a potion of heal wounds {unknown}
Comestibles
 f - 4 rations


   Skills:
 + Level 5.4 Fighting
 + Level 5.1 Axes
 + Level 4.9 Armour
 + Level 5.0 Shields
 + Level 1.0 Invocations


You had 5 spell levels left.
You didn't know any spells.
Your spell library was empty.

Dungeon Overview and Level Annotations

Branches:
Dungeon (5/15)             Temple (1/1) D:4

Altars:
Cheibriados
Dithmenos
Elyvilon
Fedhas
Gozag
Hepliaklqana
Okawaru
Qazlal
Sif Muna
Uskayaw
Wu Jian
The Shining One

Shops:
D:4 (


Message History

Your +0 scale mail melds into your body.
Your roots penetrate the ground.
The orc hits you but does no damage.
The shadow imp hits you but does no damage.
It was a potion of cancellation.
Your magical effects are unravelling.
You feel magically purged.
You feel less wooden.
Your +0 cloak unmelds from your body.
Your +0 scale mail unmelds from your body.
The orc barely misses you.
The shadow imp hits you but does no damage.
It was a potion of flight.
You feel very buoyant.
You fly up into the air.
The orc hits you with a falchion.
* * * LOW HITPOINT WARNING * * *
The shadow imp barely misses you.
It was a potion of brilliance.
You feel clever all of a sudden. The orc completely misses you.
The shadow imp hits you.
You die...

#.# #.##.#.# #.#
#.#..... #(# #.#..#.#
#.# #.#..#.# #(#
#.#.....
#+##############(#
#.#.§§§.
#<.............#.#######
#.#..§§.
.....$........o5........
.....§..
.............#.#@#######
#.#..#.# #.#........
#.#o# #.#..#.. #.#.#####
#.#s# # ###### #....
#.#.# ..# ## #.#.# ..#
#.#.# #.#.# ...


You could see a scorpion, a shadow imp and 2 orcs.

Vanquished Creatures
  An ogre (D:4)
  A centaur (D:5)
  A hound (D:4)
  An iguana (D:5)
  2 worker ants (D:4)
  A howler monkey zombie (D:5)
  3 gnolls (D:2)
  2 adders (D:2)
  3 worms
  5 dart slugs
  A leopard gecko (D:3)
  A ball python (D:3)
  3 giant cockroaches
  6 goblins
  8 hobgoblins
  5 jackals
  A quokka (D:2)
  7 bats
  8 frilled lizards
  10 kobolds
  7 rats
77 creatures vanquished.

Notes
Turn   | Place    | Note
-------+----------+-------------------------------------------
     0 | D:1      | Aviak the Hill Orc Fighter began the quest for the Orb.
     0 | D:1      | Reached XP level 1. HP: 19/19 MP: 1/1
   256 | D:1      | Reached XP level 2. HP: 25/27 MP: 2/2
   339 | D:1      | Found an iron altar of Okawaru.
   550 | D:1      | Reached XP level 3. HP: 32/33 MP: 3/3
   803 | D:2      | Reached XP level 4. HP: 21/40 MP: 4/4
  1302 | D:2      | Found an iron altar of Okawaru.
  1360 | D:2      | Found a blossoming altar of Fedhas.
  1641 | D:3      | Reached XP level 5. HP: 43/47 MP: 5/5
  2253 | D:4      | Found Gasias's Weapon Shoppe.
  3052 | D:4      | Found a snail-covered altar of Cheibriados.
  3136 | D:4      | Found a staircase to the Ecumenical Temple.
  3325 | Temple   | Entered the Ecumenical Temple
  3445 | Temple   | Became a worshipper of Uskayaw the Reveler
  3669 | D:5      | Entered Level 5 of the Dungeon
  3669 | D:5      | Noticed an ogre
  3673 | D:4      | Reached * piety under Uskayaw
  3679 | D:4      | Killed an ogre
  3679 | D:4      | Reached skill level 5 in Fighting
  3679 | D:4      | Reached XP level 6. HP: 4/56 MP: 2/6
  4035 | D:5      | Found a shadowy altar of Dithmenos.
  4055 | D:5      | Reached ** piety under Uskayaw
  4093 | D:5      | Reached skill level 5 in Axes
  4093 | D:5      | Reached skill level 5 in Shields
  4093 | D:5      | Reached skill level 1 in Invocations
  4103 | D:5      | HP: 2/56 [orc/falchion (1)]
  4104 | D:5      | Slain by a shadow imp

Vault maps used:
D:1:      minmay_arrival_open_corners, okawaru_ov_weapons_minmay
D:2:      old_standard_altar, old_standard_altar, first_ration,
          minmay_rat_gold_closets
D:3:      nrook_mini_vaults
D:4:      lemuel_doored_altar, minmay_temple_entry_fiery, serial_shops, shop
D:5:      grunt_dithmenos_smoke, kennysheep_mini
Temple:   minmay_temple_forest_path

Skill      XL: |  1  2  3  4  5  6 |
---------------+-------------------+-----
Axes           | 3 4 5 |  5.1
Fighting       | 4 5 |  5.4
Armour         | 4 |  4.9
Shields        | 4 5 |  5.0
Invocations    | 1 |  1.0

Action                   |  1- 3 |  4- 6 || total
-------------------------+-------+-------++-------
Melee: War axe           |   120 |   219 ||   339
Invok: Stomp             |       |     3 ||     3
Evoke: Wand              |       |     1 ||     1
  Use: Scroll            |       |     3 ||     3
       Potion            |       |     5 ||     5
  Eat: Chunk             |       |     8 ||     8
       Ration            |       |     1 ||     1
Armor: Scale mail        |    82 |   113 ||   195
       Skin              |       |     2 ||     2
Dodge: Dodged            |    43 |    96 ||   139
Block: Shield            |    70 |   146 ||   216

Table legend:
 A = Spawn XP
 B = Non-spawn XP
 C = Spawn XP percentage of total XP
 D = Spawn monster count
 E = Non-spawn monster count
 F = Spawn count percentage of total count
 G = Total turns spent on level
                    A         B        C        D         E        F      G
               +---------+---------+-------+---------+---------+-------+---------
         Total |       0 |     584 |   0.0 |       0 |      77 |   0.0 |  4104
               +---------+---------+-------+---------+---------+-------+---------
           D:1 |       0 |      36 |   0.0 |       0 |      20 |   0.0 |   720
           D:2 |       0 |     113 |   0.0 |       0 |      30 |   0.0 |   833
           D:3 |       0 |      30 |   0.0 |       0 |      14 |   0.0 |   699
           D:4 |       0 |     247 |   0.0 |       0 |      10 |   0.0 |  1559
           D:5 |       0 |     158 |   0.0 |       0 |       3 |   0.0 |   137
               +---------+---------+-------+---------+---------+-------+---------
